cohdb
Replays
Latest Replays
All Replays
Popular Replays
Top Player Replays
Match Explorer
How It Works
Community
CoH3 Stats
Reddit
Sign in to upload your games and track your stats! →
Sign in with Steam
Match 45313573
Unlisted
Match 45313573
Overview
Messages
Build Orders
End
Construct Infanterie Kompanie
Selects Breakthrough Battlegroup
Selects Assault Grenadiers
Grenadier Squad
MG 42 Machine Gun Team
Grenadier Squad
Infanterie Officer Quarters
Construct Panzergrenadier Kompanie
MG 42 Machine Gun Team
Pak 40 Anti-tank Gun Team
251 Medium Carrier
Selects Rapid Production
Pak 40 Anti-tank Gun Team
MG 42 Machine Gun Team
Construct Panzer Kompanie
Selects Blitzkrieg
Medical Bunker
Panzer IV Medium Tank
Pioneer Squad
Pioneer Squad
Selects Smoke Bombing Run
Selects Incendiary Bombing Run
Incendiary Bombing Run
Sturmpanzer IV Brummbär
Panzer Officer Quarters
Mastur Bison
SpoSadiK
Attack the D point
BieTaMaShuoYingYu
Scooter
Clipper__________
MHKarimii
Microsoft Word
0
0
Comments
sign in to comment!
No comments posted yet!